 Dungeon Crawl Stone Soup version 0.22.1-2-g9c5b331383 (webtiles) character file.

2489 Ihlosi the Magician (level 9, -4/52 HPs)
             Began as a Kobold Ice Elementalist on Jan 5, 2019.
             Was a Follower of Sif Muna.
             Killed by divine providence
             ... invoked by an orc priest
              (16 damage)
             ... on level 7 of the Dungeon.
             The game lasted 00:27:13 (9231 turns).

Ihlosi the Magician (Kobold Ice Elementalist)       Turns: 9231, Time: 00:27:14

Health: -4/52      AC:  5    Str:  7    XL:     9   Next: 81%
Magic:  2/19       EV: 17    Int: 18    God:    Sif Muna [*.....]
Gold:   234        SH:  0    Dex: 15    Spells: 13/22 levels left

rFire    x . .     SeeInvis .   b - +5 falchion
rCold    + . .     Gourm    .   (shield restricted)
rNeg     . . .     Faith    .   u - +0 robe
rPois    .         Spirit   .   z - +0 helmet
rElec    .         Reflect  .   k - +0 cloak
rCorr    .         Harm     .   e - +0 pair of gloves
MR       .....                  (no boots)
Stlth    +++.......             q - amulet of the acrobat
HPRegen  0.17/turn              C - ring of ice
MPRegen  0.16/turn              (no ring)

@: very slightly contaminated
A: small, carnivore
a: Divine Energy, Renounce Religion


You were on level 7 of the Dungeon.
You worshipped Sif Muna.
Sif Muna was aware of your devotion.
You were not hungry.

You visited 2 branches of the dungeon, and saw 8 of its levels.
You also visited: Sewer.

You collected 234 gold pieces.

Inventory:

Hand Weapons
 a - a +2 rapier
 b - a +5 falchion (weapon)
 l - a +0 blowgun
 p - a +2 long sword of freezing
Missiles
 m - 43 poisoned needles
 t - 7 needles of sleeping
Armour
 e - a +0 pair of gloves (worn)
 k - a +0 cloak (worn)
 s - a +0 buckler
 u - a +0 robe (worn)
 z - a +0 helmet (worn)
Jewellery
 q - an amulet of the acrobat (around neck)
 C - a ring of ice (left hand)
Wands
 n - a wand of flame (15)
 y - a wand of enslavement (6)
Scrolls
 d - 2 scrolls of teleportation
 h - a scroll of remove curse
 r - a scroll of immolation
Potions
 f - a potion of curing
 g - 3 potions of haste
 i - 2 potions of magic
 j - 3 potions of mutation
 o - 3 potions of flight
 v - 2 potions of lignification {unknown}
 w - a potion of degeneration {unknown}
 x - 2 potions of berserk rage {unknown}
 A - a potion of invisibility {unknown}
 B - a potion of might {unknown}
Comestibles
 c - 11 rations


   Skills:
 * Level 3.8 Fighting
 * Level 4.3 Short Blades
 - Level 1.0 Armour
 * Level 5.0 Dodging
 * Level 5.6 Stealth
 * Level 0.2 Shields
 * Level 7.0 Spellcasting
 * Level 3.2 Conjurations
 * Level 6.9 Ice Magic
 - Level 3.0 Evocations


You had 13 spell levels left.
You knew the following spells:

 Your Spells              Type           Power        Failure   Level  Hunger
a - Freeze                Ice            ####         1%          1    None
b - Throw Icicle          Conj/Ice       #####...     13%         4    ####...
c - Summon Ice Beast      Ice/Summ       ####....     26%         4    ####...

Your spell library contained the following spells:

 Spells                   Type           Power        Failure   Level  Hunger
 Throw Frost              Conj/Ice       #####.       1%          2    None
 Ozocubu's Armour         Chrm/Ice       ####....     8%          3    ##.....


Dungeon Overview and Level Annotations

Branches:
Dungeon (7/15)             Temple (1/1) D:4

Altars:
Ashenzari
Cheibriados
Dithmenos
Elyvilon
Fedhas
Gozag
Hepliaklqana
Kikubaaqudgha
Nemelex Xobeh
Okawaru
Qazlal
Ru
Sif Muna
Trog
Uskayaw
Vehumet
Xom
Yredelemnul
Zin
The Shining One

Annotations:
D:3 2 transporters


Innate Abilities, Weirdness & Mutations

You are small and have problems with some larger weapons.
You are carnivorous and can eat meat at any time.


Message History

Confirm with . or Enter, or press ? or * to list all spells.
Aiming: Freeze (safe; 1% risk of failure)
Press: ? - help, Shift-Dir - straight line, f/p - orc priest
Aim: an orc priest, wearing a runed leather armour (lightly wounded)
You feel a surge of power!
You freeze the orc priest.
The orc priest is moderately wounded.
The orc priest calls down the wrath of Beogh upon you.
Pain shoots through your body!
* * * LOW HITPOINT WARNING * * *
Casting: Freeze (safe; 1% risk of failure)
Confirm with . or Enter, or press ? or * to list all spells.
Aiming: Throw Icicle (safe; 13% risk of failure)
Press: ? - help, Shift-Dir - straight line, f/p - orc priest
Aim: an orc priest, wearing a runed leather armour (moderately wounded)
You feel a surge of power!
The shard of ice hits the orc priest.
You kill the orc priest!
Sif Muna accepts your kill.
The orc priest mumbles some strange prayers to Beogh against you.
Beogh smites you!
You die...

#..#..# ..# +.....#
#####..# ##.....# #<..#..#
#.#.##.# #...#..# #..
#.#.##.#.#...#..#...#
##.#..#.#.#...........
...#....#.#...........
####..#.#.#.#.############
......#.#.#...o[@........#
####....#.#<.)o########.##
#....#.##...#....# #.#
###..#......#.##.# #.#
#..#......#.##.# #.#
#..#.#..#.#.##.###.##
#######........#.##......#
.....##.#....###.#########
.###.##.#........#


You could see an orc priest and an orc.

Vanquished Creatures
  Pikel (D:5)
  Sigmund (D:2)
  2 sky beasts (D:6)
  2 orc warriors
  An ice beast (D:5)
  An ogre (D:6)
  A phantom (D:5)
  A centaur (D:6)
  A bullfrog (D:6)
  A scorpion (D:4)
  4 howler monkeys
  4 wights (D:6)
  A crimson imp (D:5)
  2 jellies
  4 orc priests
  3 hounds
  Crazy Yiuf (D:5)
  An orc wizard (D:6)
  Jessica (D:3)
  A worker ant (D:4)
  4 iguanas
  A hound skeleton (D:5)
  7 adders
  A river rat (D:3)
  A shadow imp (D:4)
  An adder zombie (D:7)
  6 worms
  2 dart slugs
  4 leopard geckos
  20 orcs
  3 giant cockroaches
  4 hobgoblins
  12 jackals
  5 quokkas
  5 ball pythons
  6 bats
  7 frilled lizards
  A giant cockroach zombie (D:5)
  8 goblins
  A jackal zombie (D:5)
  7 kobolds
  8 rats
  2 plants (Sewer)
150 creatures vanquished.

Vanquished Creatures (others)
  A plant (Sewer)
1 creature vanquished.

Grand Total: 151 creatures vanquished

Notes
Turn   | Place    | Note
-------+----------+-------------------------------------------
     0 | D:1      | Ihlosi the Kobold Ice Elementalist began the quest for the
                  | Orb.
     0 | D:1      | Reached XP level 1. HP: 10/10 MP: 3/3
   362 | D:1      | Reached XP level 2. HP: 16/16 MP: 0/5
  1152 | D:2      | Noticed Sigmund
  1183 | D:3      | Reached XP level 3. HP: 16/20 MP: 1/7
  1233 | D:3      | Found a transporter.
  1248 | D:3      | Reached skill level 1 in Fighting
  1357 | D:3      | Found a transporter.
  1372 | D:3      | Reached XP level 4. HP: 17/25 MP: 6/8
  1470 | D:3      | Reached skill level 3 in Spellcasting
  1505 | D:3      | Found a glowing drain.
  1519 | Sewer    | Entered a sewer
  2193 | Sewer    | Reached XP level 5. HP: 25/29 MP: 1/9
  3190 | D:3      | Noticed Jessica
  3205 | D:3      | Killed Jessica
  3347 | D:3      | Found a hazy altar of Hepliaklqana.
  3349 | D:3      | Found an opulent altar of Gozag.
  3555 | D:3      | Found a shattered altar of Ashenzari.
  3734 | D:4      | Found a staircase to the Ecumenical Temple.
  3743 | Temple   | Entered the Ecumenical Temple
  3886 | D:4      | Learned a level 4 spell: Throw Icicle
  3891 | D:4      | Learned a level 4 spell: Summon Ice Beast
  3991 | D:4      | Noticed an angel
  3992 | D:4      | Found a glowing silver altar of Zin.
  3992 | D:4      | Found a shimmering altar of Xom.
  4021 | D:4      | Reached XP level 6. HP: 33/34 MP: 7/11
  4058 | D:4      | Noticed an orc warrior
  4354 | D:4      | Reached skill level 1 in Armour
  4524 | D:4      | Reached skill level 4 in Spellcasting
  4680 | D:4      | Reached skill level 1 in Short Blades
  4798 | D:4      | Reached XP level 7. HP: 40/40 MP: 9/13
  4856 | D:2      | Found a blossoming altar of Fedhas.
  4856 | D:2      | Found a snail-covered altar of Cheibriados.
  4859 | D:2      | Found a bloodstained altar of Trog.
  5221 | D:2      | Found a sacrificial altar of Ru.
  5253 | D:2      | Killed Sigmund
  5281 | D:2      | Found a faded altar of an unknown god.
  5696 | D:4      | Found a shadowy altar of Dithmenos.
  6047 | D:4      | Reached skill level 1 in Evocations
  6197 | D:4      | Reached skill level 5 in Ice Magic
  6238 | D:5      | Entered Level 5 of the Dungeon
  6255 | D:5      | Reached skill level 5 in Spellcasting
  6356 | D:5      | Reached XP level 8. HP: 39/45 MP: 11/15
  6640 | D:5      | Found a deep blue altar of Sif Muna.
  6640 | D:5      | Noticed Pikel
  6674 | D:5      | Killed Pikel
  7030 | D:5      | Became a worshipper of Sif Muna the Loreminder
  7056 | D:5      | Reached skill level 6 in Spellcasting
  7360 | D:5      | Found a runed door.
  7364 | D:5      | Noticed Crazy Yiuf
  7370 | D:5      | Killed Crazy Yiuf
  7370 | D:5      | Reached XP level 9. HP: 50/50 MP: 5/18
  7849 | D:6      | Reached skill level 5 in Stealth
  8407 | D:6      | Found a deep blue altar of Sif Muna.
  8632 | D:6      | Reached * piety under Sif Muna
  9066 | D:7      | Reached skill level 5 in Dodging
  9066 | D:7      | Reached skill level 7 in Spellcasting
  9231 | D:7      | Killed from afar by an orc priest

Skill      XL: |  1  2  3  4  5  6  7  8  9 |
---------------+----------------------------+-----
Fighting       | 1 2 3 |  3.8
Stealth        | 3 4 5 |  5.6
Spellcasting   | 3 4 5 6 7 |  7.0
Dodging        | 3 4 5 |  5.0
Ice Magic      | 4 5 6 |  6.9
Armour         | 1 |  1.0
Short Blades   | 1 2 3 4 |  4.3
Evocations     | 1 2 3 |  3.0
Conjurations   | 2 3 |  3.2
Shields        | |  0.2

Action                   |  1- 3 |  4- 6 |  7- 9 || total
-------------------------+-------+-------+-------++-------
Melee: Unarmed           |    25 |     8 |       ||    33
       Short sword       |       |    25 |       ||    25
       Rapier            |       |     7 |    44 ||    51
       Falchion          |       |       |    18 ||    18
 Cast: Freeze            |    40 |   152 |   107 ||   299
       Throw Icicle      |       |       |    18 ||    18
Evoke: Wand              |       |     1 |    22 ||    23
  Use: Potion            |     2 |     2 |     1 ||     5
       Scroll            |     4 |     2 |     8 ||    14
 Stab: Sleeping          |       |     1 |     7 ||     8
  Eat: Chunk             |    10 |    10 |    11 ||    31
Armor: Robe              |     3 |    10 |    12 ||    25
Dodge: Dodged            |    52 |   112 |   120 ||   284
       Rpst.: Falchion   |       |       |    11 ||    11
